 Dungeon Crawl Stone Soup version 0.21.1-1-g345015f (webtiles) character file.

23 inc the Scratcher (level 2, -9/14 HPs)
             Began as a Felid Chaos Knight on Mar 12, 2018.
             Killed by the capriciousness of Xom (16 damage)
             ... on level 1 of the Dungeon.
             The game lasted 00:01:59 (1232 turns).

inc the Scratcher (Felid Chaos Knight)              Turns: 1232, Time: 00:01:59

Health: -9/14      AC:  2    Str:  8    XL:     2   Next: 75%
Magic:  3/3        EV: 18    Int: 13    God:    Xom [...*..]
Gold:   80         SH:  0    Dex: 15    Spells: 1/1 levels left
                                        Lives:  0   Deaths: 0

rFire    . . .     SeeInvis +     - Unarmed
rCold    . . .     Gourm    .   (shield unavailable)
rNeg     . . .     Faith    .   (armour unavailable)
rPois    .         Spirit   .   (helmet unavailable)
rElec    .         Reflect  .   (cloak unavailable)
rCorr    .         Harm     .   (gloves unavailable)
MR       .....                  (boots unavailable)
Stlth    ++........             (no amulet)
HPRegen  0.04/turn              (no ring)
MPRegen  0.08/turn              (no ring)

@: quick
A: very small, no armour, no weapons or thrown items, stealth, antennae 1, claws
1, fangs 3, rugged brown scales 1, see invisible, carnivore, speed 1, high mp 1,
shaggy fur 1, slow metabolism 1, sharp paws
a: Renounce Religion


You were on level 1 of the Dungeon.
You worshipped Xom.
You were a BORING thing.
You were not hungry.

You visited 1 branch of the dungeon, and saw 2 of its levels.

You collected 80 gold pieces.

Inventory:

Scrolls
 c - 2 scrolls of identify {unknown}
 d - a scroll of immolation {unknown}
Potions
 b - a potion of invisibility {unknown}
 e - 3 potions of magic {unknown}
 f - a potion of resistance {unknown}
 g - a potion of might {unknown}
 h - 2 potions of curing {unknown}
Comestibles
 a - 3 rations


   Skills:
 - Level 3.0 Fighting
 - Level 3.2 Dodging
 + Level 4.1 Unarmed Combat


You had one spell level left.
You didn't know any spells.

Dungeon Overview and Level Annotations

Branches:
Dungeon (2/15)

Altars:


Innate Abilities, Weirdness & Mutations

You cannot wear armour.
You are incapable of wielding weapons or throwing items.
Your paws allow you to move quietly. (Stealth)
You have sharp claws.
You have razor-sharp teeth.
You have supernaturally acute eyesight. (SInv)
You are carnivorous and can eat meat at any time.
You cover ground quickly.
You are covered in fur. (AC +1)
You have a slow metabolism.
Your sharp claws are effective at attacking unaware monsters.
You have a pair of small antennae on your head.
You are partially covered in rugged brown scales. (AC +1, +3% HP)
You have an increased reservoir of magic. (+10% MP)


Message History

Unknown command.
Unknown command.
There are no items here.
Okay, then.
You can't grasp things well enough to throw them.
You can't grasp things well enough to throw them.
Okay, then.
You closely miss the kobold. The kobold hits you but does no damage.
A goblin comes into view. It is wielding a dagger.
You scratch the kobold but do no damage.
The kobold closely misses you.
There is a stone staircase leading up here.
You climb upwards.
There is a stone staircase leading down here.
You start resting.
Xom's power touches on you for a moment.
You are blasted with sand!
Ouch! That really hurt!
You die...
Xom giggles madly!

....#.......#####
......#..#.##
..##..#....#
..##..##.###
..##..##.#
#.....##.###
#.##.###.#.#
#.##.###.#.########
#...............@.#
#.##.###.#.#####..#
#.................#
#.##.##..#.#####.##
#............†....#
#..........###.#.##
...............#.#
#.....#..#.###.#.#
#....##..#.# #.#.#


There were no monsters in sight!

Vanquished Creatures
  3 leopard geckos (D:1)
  4 bats (D:1)
  A giant cockroach (D:1)
  A goblin (D:1)
  4 hobgoblins (D:1)
  2 frilled lizards (D:1)
  3 kobolds (D:1)
  2 rats (D:1)
20 creatures vanquished.

Notes
Turn   | Place    | Note
-------+----------+-------------------------------------------
     0 | D:1      | inc the Felid Chaos Knight began the quest for the Orb.
     0 | D:1      | Reached XP level 1. HP: 10/10 MP: 2/2
   297 | D:1      | Reached XP level 2. HP: 14/14 MP: 3/3
   577 | D:1      | XOM: harmless Conj miscast
   899 | D:1      | Reached skill level 4 in Unarmed Combat
  1122 | D:1      | XOM: give mutations
  1122 | D:1      | Gained mutation: You have a pair of small antennae on your head. [Xom's grace]
  1122 | D:1      | Gained mutation: You have an increased reservoir of magic. (+10% MP) [Xom's grace]
  1122 | D:1      | Gained mutation: You are partially covered in rugged brown scales. (AC +1, +3% HP) [Xom's grace]
  1232 | D:1      | XOM is BORED!
  1232 | D:1      | XOM: medium Erth miscast
  1232 | D:1      | Killed by the capriciousness of Xom

Skill      XL: |  1  2 |
---------------+-------+-----
Unarmed Combat | 4 |  4.1
Fighting       | |  3.0
Dodging        | |  3.2

Action                   || total
-------------------------++-------
Melee: Unarmed           ||    58
       Bite              ||     7
 Stab: Sleeping          ||     2
Armor: Skin              ||     7
Dodge: Dodged            ||    51
